Map: Simulacrum LE

Players

Ratl - Winner!

  • Race: Protoss Protoss
  • League: Silver
  • Spawn Location: 11:00

Orcogamer

  • Race: Zerg Zerg
  • Spawn Location: 5:00

VOD

Have the link to the VOD?

Description

Time

  • Played on: Jan. 14, 2020, 2:54 p.m.
  • Length: 7:48
Show
View Real Time Build Order
Export as new Build Order

Ratl Protoss - Winner!

Build Orders:  

Get SALT Encoding   

  12  0:01  Probe  
  13  0:13  Probe  
  14  0:21  Pylon  
  14  0:26  Probe  
  15  0:39  Probe  
  16  0:45  Gateway  
  16  0:51  Probe  
  17  1:02  Gateway  
  17  1:03  Probe  
  18  1:15  Probe, Assimilator  
  19  1:25  Assimilator  
  19  1:27  Probe  
  20  1:34  Cybernetics Core  
  20  1:39  Probe  
  21  1:52  Probe  
  22  2:04  Probe  
  23  2:10  Warp Gate (Chrono Boost), Pylon  
  23  2:16  Pylon  
  23  2:28  Adept x2  
  23  2:29  Probe  
  28  2:41  Probe  
  29  2:47  Nexus  
  29  2:53  Probe  
  30  3:02  Stargate  
  30  3:09  Pylon  
  30  3:17  Forge  
  30  3:19  Probe (Chrono Boost)  
  31  3:29  Probe (Chrono Boost)  
  31  3:34  Probe (Chrono Boost), Stalker  
  35  3:46  Probe  
  36  4:00  Photon Cannon  
  36  4:08  Probe  
  36  4:09  Probe  
  38  4:20  Probe  
  38  4:21  Probe  
  40  4:26  Photon Cannon  
  40  4:27  Photon Cannon  
  38  4:32  Probe  
  38  4:33  Probe  
  39  4:48  Probe x2  
  41  5:00  Probe x2  
  41  5:01  Stalker x2  
  49  5:08  Oracle  
  49  5:12  Probe  
  49  5:15  Assimilator  
  49  5:16  Probe  
  49  5:18  Assimilator  
  50  5:21  Pylon  
  50  5:26  Pylon  
  50  5:31  Probe x2  
  52  5:43  Probe x2, Stargate  
  52  5:44  Robotics Facility  
  58  5:51  Photon Cannon  
  58  5:58  Probe x2  
  58  6:00  Oracle (Chrono Boost)  
  59  6:10  Probe x2  
  61  6:27  Fleet Beacon  
  61  6:28  Twilight Council  
  61  6:29  Oracle  
  64  6:39  Pylon  
  64  6:42  Probe x2, Pylon  
  64  6:44  Oracle  
  70  6:54  Probe  
  70  6:56  Pylon  
  70  6:58  Probe  
  70  7:01  Pylon  
  71  7:06  Probe  
  72  7:10  Probe  
  73  7:18  Probe  
  73  7:22  Probe  
Show
View Real Time Build Order
Export as new Build Order

Orcogamer Zerg 

Build Orders: Pool First 

Get SALT Encoding   

  12  0:01  Drone  
  13  0:08  Drone  
  14  0:17  Overlord  
  14  0:35  Spawning Pool  
  14  0:36  Drone  
  14  0:41  Drone  
  15  0:44  Drone  
  15  0:49  Drone  
  17  1:00  Extractor  
  17  1:01  Drone  
  17  1:19  Drone  
  18  1:27  Hatchery  
  18  1:28  Drone  
  18  1:31  Drone  
  19  1:38  Queen  
  21  1:50  Drone  
  22  1:56  Overlord  
  22  2:01  Extractor  
  21  2:10  Drone  
  21  2:15  Lair  
  22  2:21  Drone  
  23  2:24  Drone  
  24  2:32  Spine Crawler  
  23  2:43  Hatchery  
  22  2:44  Drone  
  24  2:51  Drone x2  
  24  2:55  Drone  
  26  3:07  Drone x2  
  26  3:08  Drone  
  26  3:10  Drone  
  30  3:22  Drone x3  
  30  3:25  Drone  
  33  3:56  Zergling x2  
  33  3:59  Zergling x6  
  33  4:00  Zergling x2  
  32  4:16  Drone x3  
  28  4:24  Spine Crawler  
  28  4:27  Drone  
  28  4:29  Drone x2  
  28  4:30  Drone  
  31  4:33  Infestation Pit  
  28  4:42  Zergling x6  
  28  5:05  Drone x2  
  28  5:06  Drone  
  30  5:12  Hive  
  30  5:15  Drone x3  
  30  5:19  Drone x3  
  36  5:23  Extractor  
  36  5:25  Extractor  
  36  5:27  Pneumatized Carapace  
  34  5:29  Drone x2  
  36  5:37  Spine Crawler  
  35  5:44  Drone  
  35  5:49  Drone  
  37  5:53  Drone x3  
  40  6:00  Evolution Chamber  
  40  6:01  Evolution Chamber  
  38  6:10  Hatchery, Spine Crawler  
  36  6:14  Drone x2  
  36  6:15  Spine Crawler  
  37  6:18  Drone  
  37  6:24  Drone x2  
  40  6:32  Ultralisk Cavern  
  39  6:39  Drone x2  
  41  6:43  Drone  
  41  6:45  Overlord  
  42  6:51  Overlord  
  42  7:04  Drone  
  42  7:05  Drone x2  
  45  7:10  Drone x3  
  45  7:14  Drone x3  
Tags
 
League
Silver
Matchup
PvZ
Opening
Pool First
Spawn Locations
Cross Positions
Add a new tag
Caveats
  • Supply blocks, unpowered buildings, or Contaminate may cause inaccurate times.
  • Supply counts are checked every 10 seconds.